 Dungeon Crawl Stone Soup version 0.25.0-1-g7eea58d2a3 (webtiles) character file.

Game seed: 1164161237615860130

246 HungrySpirit the Ducker (level 5, 0/30 HPs)
             Began as a Deep Elf Artificer on June 15, 2020.
             Succumbed to an adder's poison
             ... on level 3 of the Dungeon.
             The game lasted 00:07:37 (5144 turns).

HungrySpirit the Ducker (Deep Elf Artificer)        Turns: 5144, Time: 00:07:39

Health: 0/30       AC:  4    Str:  9    XL:     5   Next: 84%
Magic:  11/11      EV: 13    Int: 17    God:
Gold:   109        SH:  0    Dex: 15    Spells: 10/10 levels left

rFire    . . .     SeeInvis .   a - +0 short sword
rCold    . . .     Gourm    .   (no shield)
rNeg     . . .     Faith    .   b - +0 leather armour
rPois    .         Spirit   .   (no helmet)
rElec    .         Reflect  .   (no cloak)
rCorr    .         Harm     .   m - +0 pair of gloves
MR       .....                  (no boots)
Stlth    ++........             (no amulet)
HPRegen  0.10/turn              (no ring)
MPRegen  0.12/turn              (no ring)

@: lethally poisoned (0 -> -14), lightly drained
A: no striking features
a: no special abilities


You were on level 3 of the Dungeon.
You were not hungry.

You visited 1 branch of the dungeon, and saw 3 of its levels.

You collected 109 gold pieces.

Inventory:

Hand Weapons
 a - a +0 short sword (weapon)
Missiles
 i - 2 boomerangs (quivered)
 u - 37 arrows
Armour
 b - a +0 leather armour (worn)
 m - a +0 pair of gloves (worn)
Wands
 d - a wand of enslavement (12)
 e - a wand of random effects (15)
Scrolls
 h - a scroll of enchant armour {unknown}
 p - 4 scrolls of identify {unknown}
 q - a scroll of teleportation {unknown}
 r - a scroll of remove curse {unknown}
 s - a scroll of amnesia {unknown}
 t - a scroll of enchant weapon {unknown}
 w - a scroll of fear {unknown}
Potions
 c - a potion of lignification
 g - a potion of degeneration {unknown}
 k - a potion of brilliance {unknown}
 l - a potion of curing {unknown}
 n - a potion of magic
 o - a potion of cancellation
Comestibles
 f - 2 rations
 v - 3 chunks of flesh


   Skills:
 + Level 2.1(1.9) Fighting
 * Level 3.3(3.1) Short Blades
 + Level 4.0(3.8) Dodging
 + Level 1.9(1.7) Stealth
 + Level 3.3(3.1) Spellcasting
 - Level 3.2(3.1) Evocations


You had 10 spell levels left.
You didn't know any spells.
Your spell library contained the following spells:

 Spells                   Type           Power        Failure   Level  Hunger
 Beastly Appendage        Tmut           #.....       24%         1    None
 Sticks to Snakes         Tmut           #.......     36%         2    ##.....
 Spider Form              Tmut/Pois      #.........   58%         3    ###....
 Ice Form                 Ice/Tmut       #.......     94%         4    ####...
 Blade Hands              Tmut           #.........   100%        5    ######.


Dungeon Overview and Level Annotations

Branches:
Dungeon (3/15)

Altars:


Message History

* * * LOW HITPOINT WARNING * * *
You are more poisoned.
The adder poisons you! The adder bites you but does no damage.
It was a potion of lignification.
You turn into a tree.
Your +0 pair of gloves melds into your body.
Your +0 leather armour melds into your body.
Your roots penetrate the ground.
* * * LOW HITPOINT WARNING * * *
You feel sick. The adder bites you.
* * * LOW HITPOINT WARNING * * *
It was a potion of magic.
Magic courses through your body.
* * * LOW HITPOINT WARNING * * *
You feel sick.
The adder bites you but does no damage. x2
It was a potion of cancellation.
Your magical effects are unravelling.
You feel magically purged.
You feel less wooden.
Your +0 pair of gloves unmelds from your body.
Your +0 leather armour unmelds from your body.
You die...

### ... ##.#
##..(#
#.g...###
.......(# #.#
#S# #@# #.# #.#
### #.# #####
#..
#.#########...#
#.#
#.............#
#.#
###########...#
# #.#
######.##### #
#.#
............#


You could see an adder.

Vanquished Creatures
  An orc priest (D:3)
  2 orc wizards (D:3)
  Terence (D:3)
  2 adders
  2 oozes
  4 worms
  3 dart slugs
  2 leopard geckos
  3 orcs (D:3)
  2 giant cockroaches
  8 hobgoblins
  15 jackals
  A quokka (D:2)
  2 ball pythons (D:1)
  5 bats
  3 frilled lizards
  7 goblins
  8 kobolds
  9 rats
80 creatures vanquished.

Vanquished Creatures (collateral kills)
  A leopard gecko (D:2)
  A giant cockroach (D:2)
  A kobold (D:2)
3 creatures vanquished.

Grand Total: 83 creatures vanquished

Notes
Turn   | Place    | Note
-------+----------+-------------------------------------------
     0 | D:1      | HungrySpirit the Deep Elf Artificer began the quest for the
                  | Orb.
     0 | D:1      | Reached XP level 1. HP: 11/11 MP: 5/5
    36 | D:1      | Reached skill level 1 in Fighting
   153 | D:1      | Reached XP level 2. HP: 10/16 MP: 6/6
   655 | D:1      | Reached skill level 1 in Spellcasting
   692 | D:1      | Reached skill level 3 in Dodging
  1103 | D:1      | Reached XP level 3. HP: 11/20 MP: 7/7
  2847 | D:2      | Reached XP level 4. HP: 25/25 MP: 9/9
  3686 | D:3      | Noticed Terence
  3707 | D:3      | Killed Terence
  4289 | D:3      | Reached XP level 5. HP: 15/30 MP: 11/11
  4863 | D:3      | Reached skill level 4 in Dodging
  5144 | D:3      | Succumbed to an adder's poison

Illustrated notes

Levels and vault maps discovered:
D:1:      matt_arrival_los_fun, layout_basic
D:2:      layout_basic, minivault_19, chequers_serial_rivers_small_a,
          minmay_joined_circles
D:3:      layout_loops_ring, chequers_ecumenical_altar_grove,
          grunt_ministairs_2, minmay_fountain_box, uniq_terence

Skill      XL: |  1  2  3  4  5 |
---------------+----------------+-----
Fighting       | 1 2 |  2.1
Spellcasting   | 1 2 3 |  3.3
Dodging        | 3 4 |  4.0
Short Blades   | 2 3 |  3.3
Stealth        | |  1.9
Evocations     | |  3.2

Action                   |  1- 3 |  4- 6 || total
-------------------------+-------+-------++-------
Melee: Short sword       |   183 |   123 ||   306
Throw: Dart              |       |    94 ||    94
       Boomerang         |       |     4 ||     4
Evoke: Wand              |    18 |       ||    18
  Use: Potion            |       |     3 ||     3
 Stab: Sleeping          |     2 |     1 ||     3
       Distracted        |       |     1 ||     1
  Eat: Chunk             |     6 |     7 ||    13
Armor: Leather armour    |    55 |    35 ||    90
       Skin              |       |     2 ||     2
Dodge: Dodged            |   125 |    87 ||   212
